 Dungeon Crawl Stone Soup version 0.32-a0-933-ga8fa3634e4 (webtiles) character file.

Game seed: 14052771962348750191

46 smashvw the Shooter (level 3, 0/18 HPs)
             Began as a Spriggan Hunter on Apr 15, 2024.
             Killed from afar by an orc wizard (8 damage)
             ... with a magic dart
             ... on level 3 of the Dungeon.
             The game lasted 00:03:50 (1552 turns).

smashvw the Shooter (Spriggan Hunter)               Turns: 1552, Time: 00:03:51

Health: 0/18       AC:  2    Str: 13    XL:     3   Next: 44%
Magic:  4/4        EV: 18    Int: 10    God:
Gold:   112        SH:  0    Dex: 20    Spells: 2/2 levels left

rFire   . . .        a - +0 shortbow
rCold   . . .        (shield currently unavailable)
rNeg    . . .        c - +0 robe
rPois   .            (helmet restricted)
rElec   .            (no cloak)
rCorr   .            (gloves unavailable)
SInv    +            (boots unavailable)
Will    .....        (no amulet)
Stlth   +++          f - +6 ring of strength
HPRegen 0.23/turn    (no ring)
MPRegen 0.09/turn

%: no passive effects
@: very quick
A: very small, no large weapons, unfitting armour, see invisible, speed 3
a: no special abilities


You were on level 3 of the Dungeon.
You visited 1 branch of the dungeon, and saw 3 of its levels.

You collected 112 gold pieces.

Inventory:

Hand Weapons
 a - a +0 shortbow (weapon)
Armour
 c - a +0 robe (worn)
Jewellery
 f - a +6 ring of strength (left hand)
Scrolls
 b - a scroll of butterflies
 d - a scroll of fear {unknown}
 g - 2 scrolls of teleportation {unknown}
 i - a scroll of vulnerability {unknown}
 j - 4 scrolls of identify {unknown}
 k - a scroll of enchant weapon {unknown}
 l - a scroll of enchant armour {unknown}
 m - a scroll of immolation {unknown}
Potions
 e - a potion of ambrosia {unknown}
 h - a potion of degeneration {unknown}


   Skills:
 - Level 2.0 Fighting
 + Level 4.4 Ranged Weapons
 + Level 3.5 Dodging
 + Level 3.0 Stealth


You had 2 spell levels left.
You didn't know any spells.
Your spell library contained the following spells:

 Spells                   Type           Power      Damage    Failure   Level
 Magic Dart               Conj           0%         1d3       36%         1
 Blink                    Tloc           0%         N/A       50%         2
 Call Imp                 Summ           0%         N/A       50%         2
 Mercury Vapours          Alch/Air       0%         N/A       50%         2
 Mephitic Cloud           Conj/Alch/Air  0%         N/A       75%         3
 Freezing Cloud           Conj/Ice/Air   0%         6-21      100%        5


Dungeon Overview and Level Annotations

Branches:
Dungeon (3/15)

Altars:


Innate Abilities, Weirdness & Mutations

You are very small and have problems with some larger weapons.
You are too small for most types of armour.
You have supernaturally acute eyesight. (SInv)
You cover ground extremely quickly. (Speed+++)


Message History

You shoot an arrow. The arrow barely misses the orc wizard.
You shoot an arrow. The arrow misses the orc wizard.
The arrow hits the orc!
You kill the orc!
Your Stealth skill increases to level 3!
You shoot an arrow. The arrow hits the orc wizard!
The orc wizard is severely wounded.
The orc wizard points at you and mumbles some strange words.
You are confused.
You shoot an arrow. The arrow hits the orc wizard.
The orc wizard is almost dead.
You shoot an arrow. You shoot an arrow. The orc wizard misses you.
You shoot an arrow. The orc wizard completely misses you.
You shoot an arrow.
The orc wizard gestures at you while chanting.
The magic dart hits you.
The orc wizard hits you with a +0 dagger.
You shoot an arrow.
You feel less confused. The orc wizard casts a spell at you.
The puff of flame misses you.
You are too injured to fight recklessly!
You are too injured to fight recklessly!
You are too injured to fight recklessly!
You are too injured to fight recklessly!
Fire: a) +0 shortbow
Press: ? - help, Q - select action Shift-Dir - straight line, f/p - orc wizard
Aim: an orc wizard, wielding a +0 dagger and wearing a +0 robe (severely wounded, 59% to hit)
You shoot an arrow.
The arrow hits the orc wizard but does no damage.
The orc wizard is severely wounded.
The orc wizard hits you but does no damage.
Fire: a) +0 shortbow
Press: ? - help, Q - select action Shift-Dir - straight line, f/p - orc wizard
Aim: an orc wizard, wielding a +0 dagger and wearing a +0 robe (severely wounded, 59% to hit)
You shoot an arrow. The arrow hits the orc wizard.
The orc wizard is almost dead.
The orc wizard casts a spell at you. The magic dart hits you!
You die...

.......#
#.##.##.#
....#..#
#)##.##.#
........
#....##.#
.#......
#.#####.#
. (#.#
#.#####.#
#.......#
#.#######
#o# #@#
#.# #†#
.)# ###


You could see an orc wizard.

Vanquished Creatures
  An orc (D:3)
  4 bats (D:1)
  An endoplasm (D:3)
  A giant cockroach (D:2)
  A goblin (D:1)
  8 hobgoblins
  4 jackals (D:1)
  2 quokkas
  5 ball pythons
  6 kobolds
  6 rats
39 creatures vanquished.

Notes
Turn   | Place    | Note
-------+----------+-------------------------------------------
     0 | D:1      | smashvw the Spriggan Hunter began the quest for the Orb.
     0 | D:1      | Reached XP level 1. HP: 10/10 MP: 2/2
   139 | D:1      | Reached XP level 2. HP: 15/15 MP: 3/3
   551 | D:1      | Reached XP level 3. HP: 18/18 MP: 4/4
  1079 | D:2      | Found a faded altar of an unknown god.
  1552 | D:3      | Killed from afar by an orc wizard

Illustrated notes

Levels and vault maps discovered:
D:1:      giann_horns, layout_loops_ring
D:2:      layout_basic, shapermc_ecumenical_altar_hornbeckon
D:3:      layout_loops_cross, serial_glass, glass_columns_b, glass_columns_b,
          serial_shops, shop, uniq_jessica, uniq_ijyb, uniq_grinder

Skill      XL: |  1  2  3 |
---------------+----------+-----
Stealth        | 2 3 |  3.0
Dodging        | 3 |  3.5
Fighting       | 2 |  2.0
Ranged Weapons | |  4.4

Action                     || total
---------------------------++-------
   Fire: Shortbow          ||   107
 Armour: Robe              ||    21
  Dodge: Dodged            ||    40

Table legend: (Time is in decaauts)
 A = Elapsed time spent in this place.
 B = Non-inter-level travel time spent in this place.
 C = Inter-level travel time spent in this place.
 D = Time resting spent in this place.
 E = Time spent auto-exploring this place.
 F = Levels seen in this place.
 G = Mean time per level.
                   A        B        C        D        E       F      G
               +--------+--------+--------+--------+--------+-----+--------+
         Total |   1023 |    984 |     39 |      4 |    770 |   3 |  341.0 |
       Dungeon |   1023 |    984 |     39 |      4 |    770 |   3 |  341.0 |
               +--------+--------+--------+--------+--------+-----+--------+

Top non-repeatable levels by time:
     D:1: 526 daAuts
     D:2: 414 daAuts
     D:3: 82 daAuts
